 Dungeon Crawl Stone Soup version 0.29-a0-398-ge13fd1374b (webtiles) character file.

Game seed: 16303592145703948825

1874 oldmanjim the Cleaver (level 8, 0/68 HPs)
             Began as a Minotaur Berserker on May 12, 2022.
             Was a Priest of Trog.
             Slain by a hornet (9 damage)
             ... on level 7 of the Dungeon on May 13, 2022.
             The game lasted 00:27:22 (5837 turns).

oldmanjim the Cleaver (Minotaur Berserker)          Turns: 5837, Time: 00:27:23

Health: 0/68       AC: 10    Str: 24    XL:     8   Next: 91%
Magic:  7/7        EV:  8    Int:  4    God:    Trog [***...]
Gold:   247        SH:  0    Dex: 10    Spells: 7/7 levels left

rFire   . . .      SeeInvis .   a - +1 battleaxe (elec)
rCold   . . .      Faith    .   (shield currently unavailable)
rNeg    . . .      Spirit   .   w - +0 chain mail
rPois   .          Reflect  .   (helmet restricted)
rElec   .          Harm     .   (no cloak)
rCorr   .          Rampage  .   (no gloves)
Will    +....                   q - +0 pair of boots
Stlth   ..........              (no amulet)
HPRegen 0.21/turn               y - ring of willpower
MPRegen 0.10/turn               (no ring)

@: lethally poisoned (0 -> -10), slowed, very slow
A: horns 2, retaliatory headbutt
a: Renounce Religion, Berserk, Trog's Hand


You were on level 7 of the Dungeon.
You worshipped Trog.
Trog was most pleased with you.
You visited 2 branches of the dungeon, and saw 8 of its levels.

You collected 247 gold pieces.

Inventory:

Hand Weapons
 a - a +1 battleaxe of electrocution (weapon)
 b - a +2 vorpal shortbow
 r - a +0 hand axe
 D - a +2 whip of venom
 E - a +0 war axe
Missiles
 h - 206 stones
 s - 2 boomerangs
 A - 35 poisoned darts (quivered)
Armour
 f - a +0 ring mail
 n - a +0 buckler
 q - a +0 pair of boots (worn)
 w - a +0 chain mail (worn)
 B - a +0 animal skin
Jewellery
 i - a ring of fire
 v - a ring of magical power
 y - a ring of willpower (left hand)
Wands
 m - a wand of flame (18)
 G - a wand of iceblast (4)
Scrolls
 c - a scroll of amnesia {unknown}
 k - a scroll of teleportation
 l - a scroll of fear {unknown}
 o - a scroll of noise
 u - a scroll of silence {unknown}
 x - a scroll of fog {unknown}
 H - a scroll of vulnerability {unknown}
 I - a scroll of blinking {unknown}
 J - a scroll of poison {unknown}
Potions
 d - 6 potions of curing
 e - a potion of brilliance {unknown}
 g - a potion of magic
 j - 3 potions of attraction
 p - 2 potions of heal wounds
 t - 4 potions of lignification
 z - 2 potions of mutation
 F - a potion of might
Miscellaneous
 C - a piece from Xom's chessboard (13/15)


   Skills:
 - Level 5.0 Fighting
 + Level 11.5 Axes
 + Level 4.2 Armour
 - Level 2.1 Dodging
 - Level 5.0 Shields
 - Level 3.0 Evocations


You had 7 spell levels left.
You didn't know any spells.
Your spell library contained the following spells:

 Spells                   Type           Power      Damage    Failure   Level
 Beastly Appendage        Tmut           0%         N/A       99%         1
 Wereblood                Tmut           0%         N/A       99%         2
 Spider Form              Tmut/Pois      0%         N/A       100%        3


Dungeon Overview and Level Annotations

Branches:
Dungeon (7/15)             Temple (1/1) D:5

Altars:
Ashenzari
Cheibriados
Dithmenos
Elyvilon
Fedhas
Gozag
Hepliaklqana
Makhleb
Qazlal
Ru
Sif Muna
Trog
Uskayaw
Vehumet
Xom
Yredelemnul
Zin
The Shining One


Innate Abilities, Weirdness & Mutations

You have a pair of horns on your head.
You reflexively headbutt those who attack you in melee.


Message History

You add the spells Beastly Appendage, Wereblood and Spider Form to your library.
Found a stone staircase leading up.
z - 2 potions of mutation (gained 1)
Found a stone staircase leading down.
A hornet comes into view.
You make a move on Xom's chessboard...
The hornet resists with some effort.
You make a move on Xom's chessboard...
The hornet flickers and vanishes!
Deactivating autopickup; reactivate with Ctrl-A.
Something stings you but does no damage.
Something stings you!
You feel yourself slow down.
Something stings you but does no damage.
You feel yourself speed up.
Something stings you but does no damage.
Something stings you!
You are poisoned.
You feel yourself slow down.
You feel very sick. Something stings you!
You feel as though you will be slow longer.
Something stings you but does no damage.
You feel sick. Something stings you!
You feel as though you will be slow longer.
You feel better. Something stings you.
You feel as though you will be slow longer.
Something stings you!
* * * LOW HITPOINT WARNING * * *
You feel as though you will be slow longer.
Something stings you!
* * * LOW HITPOINT WARNING * * *
You suddenly lose the ability to move!
Something stings you!
* * * LOW HITPOINT WARNING * * *
You shrug off the repeated paralysis!
You can move again.
You feel much better. Something stings you!
* * * LOW HITPOINT WARNING * * *
You are lethally poisoned!
You feel as though you will be slow longer.
Something stings you!
You die...

.#.########################
..........@...........>##<#
.#.#.##.###.####.########.#
#.# #.# #.#...# #.#
...#.##.#.#.# #.#.#.# #.#
...'......#.# #.#.#.####.#
...#.##.#.#.# #.#.....##.#
# #.#.#.# #.###.#..#.# #..
#.# #.....#.##.# ###
#.######.)......#


There were no monsters in sight!

Vanquished Creatures
  Prince Ribbit (D:5)
  Sigmund (D:5)
  An orc warrior (D:6)
  A black bear (D:4)
  An ice beast (D:6)
  3 centaurs
  3 kobold brigands (D:6)
  4 scorpions
  A bullfrog (D:7)
  A necrophage (D:4)
  A howler monkey (D:5)
  3 hounds
  Jessica (D:3)
  2 iguanas
  Ijyb (D:3)
  2 orc wizards
  7 adders
  4 ufetubi
  A worm (D:2)
  6 dart slugs
  6 orcs
  6 endoplasms
  2 giant cockroaches
  7 goblins
  5 hobgoblins
  7 jackals
  3 quokkas
  9 ball pythons
  9 bats
  4 frilled lizards
  A goblin skeleton (D:3)
  21 kobolds
  2 rats (D:1)
127 creatures vanquished.

Vanquished Creatures (others)
  An endoplasm (D:3)
1 creature vanquished.

Grand Total: 128 creatures vanquished

Notes
Turn   | Place    | Note
-------+----------+-------------------------------------------
     0 | D:1      | oldmanjim the Minotaur Berserker began the quest for the
                  | Orb.
     0 | D:1      | Reached XP level 1. HP: 19/19 MP: 0/0
   129 | D:1      | Reached XP level 2. HP: 23/27 MP: 1/1
   370 | D:1      | Reached skill level 4 in Axes
   469 | D:1      | Found a faded altar of an unknown god.
   577 | D:1      | Reached ** piety under Trog
   578 | D:1      | Reached XP level 3. HP: 33/33 MP: 2/2
   935 | D:2      | Reached skill level 5 in Axes
  1322 | D:3      | Reached XP level 4. HP: 40/40 MP: 3/3
  1334 | D:3      | Noticed Jessica
  1340 | D:3      | Killed Jessica
  1521 | D:3      | Noticed Ijyb
  1534 | D:3      | Killed Ijyb
  1535 | D:3      | Reached skill level 6 in Axes
  1767 | D:3      | Found a runed translucent door.
  1767 | D:3      | Noticed a human
  1768 | D:3      | Found a basalt altar of Yredelemnul.
  1878 | D:3      | Found a shimmering altar of Xom.
  1880 | D:3      | Found a shimmering altar of Xom.
  1881 | D:3      | Found a shimmering altar of Xom.
  1961 | D:3      | Reached XP level 5. HP: 41/46 MP: 4/4
  2186 | D:4      | Noticed a black bear
  2195 | D:4      | Killed a black bear
  2395 | D:4      | Reached skill level 7 in Axes
  2499 | D:4      | Reached XP level 6. HP: 45/52 MP: 5/5
  3056 | D:5      | Entered Level 5 of the Dungeon
  3383 | D:5      | Reached skill level 8 in Axes
  3383 | D:5      | Reached XP level 7. HP: 59/59 MP: 6/6
  3410 | D:5      | Found a sacrificial altar of Ru.
  3453 | D:5      | Reached *** piety under Trog
  3454 | D:5      | Reached skill level 5 in Shields
  3627 | D:5      | Found a staircase to the Ecumenical Temple.
  3633 | D:5      | Noticed Prince Ribbit
  3636 | Temple   | Entered the Ecumenical Temple
  3831 | D:5      | Killed Prince Ribbit
  3832 | D:5      | Reached skill level 9 in Axes
  3910 | D:5      | Found a hazy altar of Hepliaklqana.
  4036 | D:5      | Noticed Sigmund
  4041 | D:5      | Killed Sigmund
  4042 | D:5      | Reached skill level 10 in Axes
  4042 | D:5      | Reached skill level 1 in Evocations
  4042 | D:5      | Reached XP level 8. HP: 67/67 MP: 7/7
  4364 | D:6      | Reached skill level 5 in Fighting
  4918 | D:6      | Reached skill level 11 in Axes
  5826 | D:7      | Noticed a hornet
  5835 | D:7      | Paralysed by something for 2 turns
  5836 | D:7      | HP: 1/68 [something (9)]
  5837 | D:7      | Slain by a hornet

Illustrated notes

Levels and vault maps discovered:
D:1:      matt_arrival_grand_opening, layout_rooms,
          ebering_ecumenical_altar_mist
D:2:      layout_basic
D:3:      layout_loops_ring, xom_redecorated, dk_yredelemnul_ordeal,
          uniq_crazy_yiuf_cottage, uniq_jessica, uniq_ijyb
D:4:      layout_loops_ring
D:5:      layout_rooms, nicolae_ru_awakened_eye, nicolae_overflow_crystal_walls,
          minmay_temple_entry_statues_fountains,
          nicolae_concentric_dashed_squares_mild, uniq_prince_ribbit1,
          uniq_sigmund
D:6:      layout_loops_ring, hellmonk_bongcloud_opening
D:7:      layout_basic
Temple:   eino_narrow_crystal_temple

Skill      XL: |  1  2  3  4  5  6  7  8 |
---------------+-------------------------+-----
Armour         | 3 4 |  4.2
Fighting       | 4 5 |  5.0
Axes           | 4 5 6 7 8 10 11 | 11.5
Shields        | 2 4 5 |  5.0
Evocations     | 1 3 |  3.0
Dodging        | |  2.1

Action                   |  1- 3 |  4- 6 |  7- 9 || total
-------------------------+-------+-------+-------++-------
Melee: Hand axe          |    71 |    65 |       ||   136
       Headbutt          |    13 |    14 |    17 ||    44
       War axe           |       |    41 |    59 ||   100
       Battleaxe         |       |       |    32 ||    32
 Fire: Shortbow          |       |       |    30 ||    30
Throw: Boomerang         |       |     6 |     1 ||     7
Invok: Berserk           |       |     2 |     3 ||     5
Evoke: Piece from Xom's  |       |       |     2 ||     2
  Use: Scroll            |       |       |    10 ||    10
       Potion            |       |       |     2 ||     2
Armor: Animal skin       |     4 |       |       ||     4
       Ring mail         |    16 |    30 |       ||    46
       Chain mail        |       |     7 |    84 ||    91
Dodge: Dodged            |    46 |    40 |    56 ||   142
Block: Buckler           |       |    18 |     2 ||    20

Table legend: (Time is in decaauts)
 A = Elapsed time spent in this place.
 B = Non-inter-level travel time spent in this place.
 C = Inter-level travel time spent in this place.
 D = Time resting spent in this place.
 E = Time spent auto-exploring this place.
 F = Levels seen in this place.
 G = Mean time per level.
                   A        B        C        D        E       F      G
               +--------+--------+--------+--------+--------+-----+--------+
         Total |   5923 |   5778 |    145 |    984 |   3804 |   8 |  740.4 |
       Dungeon |   5689 |   5556 |    133 |    939 |   3637 |   7 |  812.7 |
        Temple |    233 |    221 |     12 |     45 |    167 |   1 |  233.0 |
               +--------+--------+--------+--------+--------+-----+--------+

Top non-repeatable levels by time:
     D:6: 1421 daAuts
     D:4: 1086 daAuts
     D:3: 811 daAuts
     D:5: 801 daAuts
     D:1: 754 daAuts
     D:2: 553 daAuts
     D:7: 261 daAuts
  Temple: 233 daAuts
